 Dungeon Sprint DCSS version 0.21.1-1-g345015f (webtiles) character file.

3000000 Fang the Axe Maniac (level 19, -22/207 HPs)
             Began as a Minotaur Gladiator on May 21, 2018.
             Was a High Priest of Makhleb.
             Annihilated by a destroyer
             ... wielding a +9 great sword of slicing
              (202 damage)
             ... in the Dungeon (Sprint VIII: "Arena of Blood").
             The game lasted 00:00:23 (30 turns).

Fang the Axe Maniac (Minotaur Gladiator)              Turns: 30, Time: 00:00:24

Health: -22/207    AC:  6    Str: 25    XL:     19   Next: 77%
Magic:  18/37      EV: 31    Int:  5    God:    Makhleb [*****.]
Gold:   0          SH:  0    Dex: 14    Spells: 49/49 levels left

rFire    . . .     SeeInvis .   l - +∞ Axe of Woe
rCold    . . .     Gourm    .   (shield currently unavailable)
rNeg     . . .     Faith    .   b - +0 leather armour
rPois    .         Spirit   .   c - +0 hat
rElec    .         Reflect  .   (no cloak)
rCorr    .         Harm     .   (no gloves)
MR       +....     NoTele   +   (no boots)
Stlth    +++++++...             (no amulet)
HPRegen  0.44/turn              (no ring)
MPRegen  0.25/turn              (no ring)

@: no status effects
A: retaliatory headbutt, horns 2
a: Minor Destruction, Lesser Servant of Makhleb, Major Destruction, Greater
Servant of Makhleb, Renounce Religion


You were in the Dungeon.
You worshipped Makhleb.
Makhleb was extremely pleased with you.
You were not hungry.

You visited 1 branch

Inventory:

Hand Weapons
 a - a +0 war axe
 l - the +∞ Axe of Woe (weapon)
   (You found it in the Dungeon)
Missiles
 d - 3 throwing nets (quivered)
Armour
 b - a +0 leather armour (worn)
 c - a +0 hat (worn)
Scrolls
 k - a scroll of blinking
Potions
 e - a potion of curing
 g - a potion of heal wounds
 h - a potion of haste
 i - 2 potions of magic
 j - a potion of berserk rage
Comestibles
 f - a ration


   Skills:
 O Level 27 Fighting
 O Level 27 Axes
 O Level 27 Throwing
 O Level 27 Armour
 O Level 27 Dodging
 + Level 19.4 Stealth
 + Level 22.4 Unarmed Combat
 + Level 15.6 Spellcasting
 + Level 20.9 Invocations


You had 49 spell levels left.
You didn't know any spells.

Dungeon Overview and Level Annotations

Branches:
Dungeon (1/1)

Altars:
Makhleb


Innate Abilities, Weirdness & Mutations

You reflexively headbutt those who attack you in melee.
You have a pair of horns on your head.


Message History

Your Unarmed Combat skill increases to level 22!
Your Spellcasting skill increases to level 15!
You are engulfed in blazing flames.
You hear a shout! x5 2 orcs come into view.
You hear a shout! x5
The large bag of meat appears out of thin air!
A large bag of meat comes into view. It is wielding a +9 giant spiked club.
Items here: ))) === † Unknown command.
Unknown command.
You hear a shout! x10
Things that are here:
a +9 battleaxe; a +30 ring of slaying; a meat berserker corpse Unknown command.
A meat berserker comes into view. It is wielding a +9 battleaxe.
You hear a shout! x4
The destroyer hits you with a +9 great sword of slicing!!!!!
Ouch! That really hurt!
You die...

..............
.............
...o.o......
....o......
....o.o... #....o§.#
. .. #.....§§# ....
...###....))§###.....
........###))@V......
#........_)).).......
...#.)...#.......#
#_.<)_#O.......
#.....#......#.
....._.........O.
......###.........#
..###... ...###.....
. #... ..#


You could see a destroyer, a large bag of meat (inner flame), a meat berserker
(berserk) and 6 bags of meat.

Vanquished Creatures
  4 ogres (D)
  A two-headed ogre (D)
  14 orcs (D)
19 creatures vanquished.

Notes
Turn   | Place    | Note
-------+----------+-------------------------------------------
     0 | D        | Found the +∞ Axe of Woe
     0 | D        | Fang the Minotaur Gladiator began the quest for the Orb.
     0 | D        | Reached XP level 1. HP: 18/18 MP: 0/0
     3 | D        | Noticed a meat berserker
     4 | D        | Became a worshipper of Makhleb the Destroyer
     6 | D        | Noticed a bag of meat
     6 | D        | Noticed a bag of meat
     6 | D        | Noticed a bag of meat
     8 | D        | Killed a meat berserker
     8 | D        | Reached XP level 2. HP: 45/45 MP: 1/1
     8 | D        | Reached XP level 3. HP: 51/51 MP: 2/2
     8 | D        | Reached XP level 4. HP: 59/59 MP: 3/3
     8 | D        | Reached XP level 5. HP: 66/66 MP: 4/4
     8 | D        | Reached XP level 6. HP: 73/73 MP: 5/5
     8 | D        | Reached XP level 7. HP: 80/80 MP: 6/6
     8 | D        | Reached XP level 8. HP: 88/88 MP: 7/7
     8 | D        | Reached XP level 9. HP: 94/94 MP: 8/8
     8 | D        | Reached XP level 10. HP: 102/102 MP: 9/9
     8 | D        | Reached XP level 11. HP: 108/108 MP: 10/10
     8 | D        | Reached XP level 12. HP: 116/116 MP: 11/11
     8 | D        | Reached XP level 13. HP: 123/123 MP: 12/12
     9 | D        | Noticed a bag of meat
     9 | D        | Noticed a bag of meat
    10 | D        | Noticed a bag of meat
    11 | D        | Noticed a meat berserker
    11 | D        | Killed a bag of meat
    11 | D        | Reached * piety under Makhleb
    11 | D        | Reached skill level 15 in Fighting
    12 | D        | Noticed a bag of meat
    12 | D        | Noticed a bag of meat
    13 | D        | Noticed a bag of meat
    13 | D        | Killed a bag of meat
    13 | D        | Reached XP level 14. HP: 136/136 MP: 13/13
    14 | D        | Noticed a meat berserker
    15 | D        | Noticed a bag of meat
    15 | D        | Noticed a bag of meat
    15 | D        | Noticed a bag of meat
    15 | D        | Killed a meat berserker
    15 | D        | Reached skill level 27 in Axes
    15 | D        | Reached skill level 27 in Dodging
    15 | D        | Reached XP level 15. HP: 155/155 MP: 14/14
    16 | D        | Noticed a meat berserker
    16 | D        | Killed a meat berserker
    16 | D        | Reached ** piety under Makhleb
    18 | D        | Reached skill level 5 in Armour
    18 | D        | Reached XP level 16. HP: 179/180 MP: 15/15
    18 | D        | Reached skill level 27 in Fighting
    18 | D        | Reached *** piety under Makhleb
    19 | D        | Noticed a large bag of meat
    19 | D        | Reached skill level 27 in Throwing
    19 | D        | Reached XP level 17. HP: 191/191 MP: 16/16
    20 | D        | Killed a meat berserker
    20 | D        | Reached **** piety under Makhleb
    20 | D        | Reached skill level 27 in Armour
    21 | D        | Reached skill level 10 in Unarmed Combat
    21 | D        | Reached skill level 10 in Invocations
    21 | D        | Reached XP level 18. HP: 200/200 MP: 16/27
    22 | D        | Reached skill level 15 in Unarmed Combat
    22 | D        | Reached skill level 10 in Spellcasting
    23 | D        | Reached skill level 15 in Invocations
    24 | D        | Noticed a destroyer
    25 | D        | Reached ***** piety under Makhleb
    25 | D        | Reached skill level 15 in Stealth
    25 | D        | Reached XP level 19. HP: 205/207 MP: 16/34
    27 | D        | Killed a large bag of meat
    27 | D        | Reached skill level 15 in Spellcasting
    29 | D        | Noticed a large bag of meat
    30 | D        | Noticed a meat berserker
    30 | D        | Annihilated by a destroyer

Skill      XL: |  1  2  3  4  5  6  7  8  9 10 11 12 13 14 15 16 17 18 19 |
---------------+----------------------------------------------------------+-----
Fighting       | 13 15 19 26 27 | 27.0
Axes           | 23 26 27 | 27.0
Throwing       | 11 13 17 22 27 | 27.0
Dodging        | 21 24 27 | 27.0
Armour         | 5 17 27 | 27.0
Stealth        | 9 15 19 | 19.4
Unarmed Combat | 10 18 22 | 22.4
Spellcasting   | 7 12 15 | 15.6
Invocations    | 10 16 20 | 20.9

Action                   |  1- 3 |  4- 6 |  7- 9 | 10-12 | 13-15 | 16-18 | 19-21 || total
-------------------------+-------+-------+-------+-------+-------+-------+-------++-------
Melee: Executioner's axe |     1 |       |       |       |     5 |     6 |     1 ||    13
Dodge: Dodged            |       |       |       |       |     2 |       |       ||     2
